AoeStats
← ogipochi_

Arena

505207649Analyzed
4v4 RM · 25d ago on Sep 8, 2026· 54m 12s· 8 players
Game mode
Random Map
Map size
Large (8 player)
Population
200
Speed
Normal
Resources
Standard
Victory
Conquest
Starting age
Dark Age
Ending age
Imperial Age
RankedLock teamsTeams togetherTeam positionsShared explorationLock speedFull tech treeHidden civsTurbo modeCheats
Victory
Defeat
🇦🇺 Celts · Australia
808
+17
🇨🇳 Goths · China
804
+17
🇯🇵 Spanish · Japan
798
+17
🇫🇷 Wei · France
746
+19
🇦🇺 Italians · Australia
839
-18
🇦🇺 Bohemians · Australia
833
-18
🇦🇺 Franks · Australia
799
-26
🇦🇺 Spanish · Australia
798
-17
ogipochi_
8:59 Loom
11:09 Feudal Age
12:03 Stone Mining
12:00 Double-Bit Axe
12:53 Wheelbarrow
17:08 Castle Age
23:38 Gold Mining
27:30 Padded Archer Armor
31:02 Imperial Age
30:01 Bloodlines
30:44 Leather Archer Armor
32:25 Conscription
32:09 Husbandry
32:57 Caravan
34:35 Chemistry
35:49 Elite Conquistador
36:58 Hand Cart
38:03 Ballistics
38:16 Ring Archer Armor
NuuuuuuL
11:58 Feudal Age
16:38 Castle Age
14:31 Double-Bit Axe
14:34 Horse Collar
21:05 Bow Saw
20:59 Heavy Plow
21:51 Gold Mining
21:55 Stone Mining
33:11 Imperial Age
30:31 Loom
31:23 Wheelbarrow
32:06 Thumb Ring
32:37 Ballistics
33:17 Gold Shaft Mining
33:24 Stone Shaft Mining
32:46 Fletching
33:00 Padded Archer Armor
34:31 Crop Rotation
34:01 Bodkin Arrow
34:24 Leather Archer Armor
35:14 Chemistry
34:25 Tuntian
34:54 Ming Guang Armor
34:51 Conscription
35:29 Parthian Tactics
35:17 Bracer
40:21 Bloodlines
40:13 Husbandry
39:36 Heavy Hei Guang Cavalry
40:25 Light Cavalry
41:42 Ring Archer Armor
41:19 Scale Barding Armor
41:25 Forging
43:29 Chain Barding Armor
45:08 Iron Casting
47:26 Blast Furnace
Pro
12:09 Feudal Age
13:02 Horse Collar
13:10 Double-Bit Axe
17:06 Castle Age
15:54 Stone Mining
18:48 Bow Saw
22:16 Fletching
23:11 Wheelbarrow
23:52 Bodkin Arrow
26:50 Gold Mining
29:52 Stronghold
35:50 Imperial Age
33:41 Hand Cart
33:33 Loom
35:48 Pikeman
37:37 Halberdier
39:10 Light Cavalry
40:07 Scale Barding Armor
40:26 Husbandry
40:12 Hussar
41:19 Chain Barding Armor
43:53 Heavy Plow
46:39 Capped Ram
47:42 Forging
49:35 Iron Casting
49:08 Elite Skirmisher
49:58 Siege Ram
52:07 Conscription
52:22 Furor Celtica
kaisar0615
0:46 Loom
11:53 Feudal Age
15:29 Double-Bit Axe
15:26 Horse Collar
20:10 Castle Age
19:10 Scale Mail Armor
19:24 Forging
19:07 Fletching
21:32 Wheelbarrow
28:40 Imperial Age
28:15 Heavy Plow
28:27 Bow Saw
28:20 Pikeman
29:00 Squires
29:54 Town Watch
31:19 Perfusion
31:22 Anarchy
33:01 Halberdier
33:03 Elite Huskarl
34:07 Chain Mail Armor
34:27 Iron Casting
34:58 Chemistry
34:19 Ballistics
34:15 Masonry
36:31 Gold Mining
37:13 Caravan
47:05 Stone Mining
49:03 Two-Man Saw
48:38 Crop Rotation
51:47 Town Patrol
52:05 Hand Cart
TornadoTittyTwister
10:57 Feudal Age
15:39 Castle Age
15:49 Loom
18:35 Double-Bit Axe
22:55 Horse Collar
29:12 Imperial Age
29:42 Chemistry
30:17 Wagenburg Tactics
32:44 Wheelbarrow
33:05 Bow Saw
35:59 Pikeman
36:40 Squires
38:17 Two-Man Saw
38:18 Halberdier
45:33 Hand Cart
47:00 Houfnice
Peasantz
7:23 Loom
10:14 Feudal Age
8:30 Loom
15:26 Castle Age
13:38 Double-Bit Axe
14:02 Horse Collar
20:59 Wheelbarrow
20:26 Fletching
23:04 Gold Mining
28:58 Imperial Age
26:56 Ballistics
27:05 Fletching
27:16 Padded Archer Armor
26:47 Crossbowman
28:20 Thumb Ring
28:30 Stone Mining
29:25 Bodkin Arrow
30:49 Chemistry
29:44 Arbalester
31:22 Hand Cart
31:33 Bracer
35:51 Leather Archer Armor
37:47 Bow Saw
39:38 Cavalier
41:58 Bloodlines
42:28 Husbandry
46:50 Ring Archer Armor
Phở
10:26 Feudal Age
20:11 Castle Age
18:59 Double-Bit Axe
21:12 Horse Collar
26:14 Padded Archer Armor
26:04 Fletching
27:24 Wheelbarrow
27:37 Caravan
30:31 Hand Cart
30:40 Bodkin Arrow
31:03 Leather Archer Armor
39:34 Imperial Age
40:50 Conscription
39:50 Elite Conquistador
45:23 Ring Archer Armor
44:51 Bodkin Arrow
51:17 Bloodlines
51:08 Husbandry
ShadowVY
10:42 Feudal Age
12:58 Double-Bit Axe
17:26 Castle Age
19:03 Squires
22:16 Bow Saw
23:59 Husbandry
28:37 Scale Barding Armor
29:54 Wheelbarrow
30:17 Forging
31:24 Gold Mining
31:25 Stone Mining
32:22 Light Cavalry
33:33 Chain Barding Armor
35:50 Hand Cart
38:33 Iron Casting
45:50 Imperial Age
45:53 Cavalier
47:32 Chivalry
47:54 Conscription
48:43 Gold Shaft Mining
47:56 Paladin
Connection lost

Rejoining the realm…

Still unreachable

The connection could not be restored.

Session expired

The server has moved on; the page needs a fresh start.